AoeStats
← Goku_San

Oasis

507709755Analyzed
4v4 RM · 13d ago on Sep 19, 2026· 79m 3s· 8 players
Game mode
Random Map
Map size
Large (8 player)
Population
200
Speed
Normal
Resources
Standard
Victory
Conquest
Starting age
Dark Age
Ending age
Imperial Age
RankedLock teamsTeams togetherTeam positionsShared explorationLock speedFull tech treeHidden civsTurbo modeCheats
Victory
Defeat
🇨🇳 Mongols · China
1299
+14
🇨🇳 Japanese · China
1283
+15
🇨🇳 Khmer · China
1271
+15
🇨🇳 Magyars · China
1260
+16
🇦🇺 Hindustanis · Australia
1314
-17
🇪🇸 Vietnamese · Spain
1311
-17
🇮🇱 Britons · Israel
1290
-16
🇨🇳 Goths · China
1116
-10
SkullBump
7:06 Loom
9:20 Feudal Age
10:28 Double-Bit Axe
13:22 Scale Barding Armor
14:00 Horse Collar
22:15 Castle Age
20:17 Gold Mining
21:01 Bloodlines
24:15 Gold Shaft Mining
23:42 Heavy Plow
23:55 Bow Saw
24:55 Husbandry
25:36 Stone Mining
27:00 Chain Barding Armor
32:21 Wheelbarrow
35:31 Imperial Age
33:23 Hand Cart
33:47 Scale Mail Armor
33:55 Treadmill Crane
34:26 Masonry
34:24 Pikeman
34:49 Arson
37:25 Two-Man Saw
37:00 Crop Rotation
37:20 Conscription
37:34 Chain Mail Armor
38:32 Plate Barding Armor
37:49 Halberdier
38:59 Corvinian Army
39:56 Elite Magyar Huszar
40:52 Fletching
41:43 Ballistics
42:21 Hoardings
41:45 Bodkin Arrow
48:13 Bracer
52:15 Chemistry
51:21 Siege Engineers
52:47 Caravan
53:17 Coinage
53:42 Murder Holes
55:44 Padded Archer Armor
55:47 Recurve Bow
55:46 Elite Skirmisher
57:39 Thumb Ring
59:50 Leather Archer Armor
61:43 Ring Archer Armor
65:40 Parthian Tactics
66:30 Heavy Cavalry Archer
71:14 Crossbowman
72:59 Banking
71:59 Arbalester
78:26 Heated Shot
78:27 Guard Tower
78:48 Careening
78:49 Clinker Construction
fafagege
10:41 Feudal Age
11:58 Double-Bit Axe
14:23 Castle Age
12:21 Horse Collar
15:32 Bow Saw
19:54 Wheelbarrow
19:55 Heavy Plow
20:51 Loom
20:52 Town Watch
22:23 Gold Mining
23:35 Hand Cart
23:41 Stone Mining
25:29 Gold Shaft Mining
27:10 Stone Shaft Mining
29:33 Imperial Age
27:31 Fletching
29:04 Bodkin Arrow
29:19 Thumb Ring
30:02 Padded Archer Armor
30:27 Ballistics
31:05 Conscription
30:07 Elite Mangudai
30:52 Bracer
31:01 Caravan
32:58 Capped Ram
33:55 Siege Ram
34:57 Drill
36:19 Husbandry
36:29 Bloodlines
37:15 Hoardings
37:51 Light Cavalry
40:13 Nomads
40:53 Scale Barding Armor
41:05 Leather Archer Armor
40:16 Hussar
42:29 Chemistry
41:56 Parthian Tactics
42:22 Chain Barding Armor
42:13 Forging
45:00 Siege Engineers
45:02 Onager
52:49 Siege Onager
55:43 Iron Casting
74:42 Blast Furnace
630406632
9:01 Loom
11:06 Feudal Age
12:10 Double-Bit Axe
18:27 Castle Age
18:33 Horse Collar
19:34 Fletching
28:13 Bow Saw
30:15 Wheelbarrow
30:55 Stone Mining
31:18 Bodkin Arrow
31:22 Arson
32:24 Scale Mail Armor
32:34 Forging
34:08 Chain Mail Armor
34:39 Squires
34:25 Gambesons
34:50 Heavy Plow
35:01 Herbal Medicine
35:55 Yasama
35:45 Pikeman
36:25 Guard Tower
36:55 Ballistics
37:26 Iron Casting
37:36 Gold Mining
38:51 Town Watch
39:27 Hand Cart
随机便投
8:44 Loom
13:03 Feudal Age
15:45 Castle Age
13:35 Double-Bit Axe
13:44 Horse Collar
15:36 Wheelbarrow
17:32 Stone Mining
18:39 Bow Saw
23:28 Heavy Plow
25:02 Gold Mining
27:01 Stone Shaft Mining
28:09 Gold Shaft Mining
31:16 Imperial Age
30:25 Scale Barding Armor
30:24 Tusk Swords
31:34 Chain Barding Armor
31:19 Murder Holes
31:36 Elite Ballista Elephant
32:47 Conscription
33:27 Double Crossbow
34:32 Hand Cart
34:51 Crop Rotation
35:01 Plate Barding Armor
35:58 Hoardings
35:51 Fortified Wall
38:53 Light Cavalry
39:44 Bloodlines
39:34 Husbandry
39:43 Hussar
52:16 Forging
52:19 Caravan
52:49 Coinage
61:51 Redemption
67:11 Banking
Limako
0:27 Loom
7:44 Loom
9:43 Feudal Age
12:29 Double-Bit Axe
16:00 Fletching
20:15 Castle Age
18:24 Padded Archer Armor
20:48 Crossbowman
21:24 Gold Mining
21:47 Bow Saw
26:19 Bloodlines
27:18 Forging
27:11 Scale Mail Armor
29:05 Iron Casting
31:43 Wheelbarrow
34:25 Thumb Ring
36:00 Horse Collar
37:23 Squires
39:03 Hand Cart
44:06 Ballistics
47:52 Imperial Age
47:11 Light Cavalry
47:51 Husbandry
48:23 Elite Fire Lancer
49:10 Arson
50:37 Elite Skirmisher
51:16 Bodkin Arrow
52:07 Imperial Skirmisher
54:16 Chain Mail Armor
54:17 Leather Archer Armor
58:52 Pikeman
61:47 Plate Mail Armor
61:35 Scale Barding Armor
Matt Cash
9:39 Feudal Age
10:31 Double-Bit Axe
10:29 Horse Collar
13:17 Wheelbarrow
13:49 Bloodlines
14:04 Forging
19:41 Castle Age
18:39 Town Watch
19:55 Scale Barding Armor
22:06 Bow Saw
23:49 Hand Cart
23:37 Heavy Plow
25:46 Gold Mining
25:53 Stone Mining
28:15 Husbandry
31:21 Imperial Age
29:49 Iron Casting
29:56 Chain Barding Armor
31:22 Heavy Camel Rider
33:14 Chemistry
32:35 Ballistics
33:58 Two-Man Saw
33:46 Conscription
35:14 Blast Furnace
34:49 Plate Barding Armor
35:05 Plate Barding Armor
35:49 Imperial Camel Rider
39:06 Light Cavalry
41:07 Hussar
49:42 Caravan
55:32 Siege Engineers
55:45 Masonry
60:43 Siege Elephant
68:42 Grand Trunk Road
Goku_San
7:12 Loom
9:54 Feudal Age
10:26 Double-Bit Axe
14:24 Castle Age
23:55 Stone Mining
24:02 Gold Mining
26:01 Bow Saw
26:28 Wheelbarrow
26:58 Gold Shaft Mining
28:13 Hand Cart
27:53 Horse Collar
31:05 Imperial Age
29:41 Fletching
29:52 Padded Archer Armor
30:17 Ballistics
30:16 Heavy Plow
30:40 Bodkin Arrow
31:49 Yeomen
31:50 Leather Archer Armor
31:10 Elite Longbowman
32:24 Conscription
31:57 Onager
32:53 Bracer
34:31 Ring Archer Armor
36:07 Chemistry
39:02 Siege Engineers
44:56 Two-Man Saw
44:39 Warwolf
51:19 Squires
51:48 Caravan
52:19 Pikeman
53:01 Scale Mail Armor
53:12 Forging
52:45 Halberdier
54:01 Chain Mail Armor
56:19 Plate Mail Armor
56:26 Iron Casting
59:37 Blast Furnace
rower56
1:17 Loom
13:55 Feudal Age
14:55 Horse Collar
15:01 Double-Bit Axe
21:05 Castle Age
19:07 Gold Mining
19:16 Stone Mining
21:07 Fletching
22:16 Bow Saw
22:07 Heavy Plow
26:35 Wheelbarrow
28:40 Imperial Age
28:10 Masonry
27:56 Murder Holes
28:29 Pikeman
29:10 Squires
28:32 Man-at-Arms
30:29 Wheelbarrow
32:29 Chemistry
32:02 Architecture
31:45 Long Swordsman
34:21 Two-Man Saw
33:53 Crop Rotation
33:40 Scale Mail Armor
33:58 Forging
35:28 Ballistics
35:34 Guilds
35:40 Two-Handed Swordsman
37:03 Perfusion
38:06 Halberdier
39:07 Chain Mail Armor
39:28 Iron Casting
40:19 Champion
41:27 Conscription
43:14 Blast Furnace
42:09 Bodkin Arrow
42:40 Anarchy
42:57 Elite Huskarl
44:32 Coinage
44:02 Caravan
44:48 Hand Cart
Connection lost

Rejoining the realm…

Still unreachable

The connection could not be restored.

Session expired

The server has moved on; the page needs a fresh start.